 Dungeon Crawl Stone Soup version 0.23-a0-208-gb6b040f31c (webtiles) character file.

76 Lepercus the Insei (level 4, -2/36 HPs)
             Began as a Human Monk on Sept 25, 2018.
             Slain by a wight
             ... wielding a cursed +3 mace of freezing
              (8 damage)
             ... on level 2 of the Dungeon.
             The game lasted 00:12:33 (1855 turns).

Lepercus the Insei (Human Monk)                     Turns: 1855, Time: 00:12:34

Health: -2/36      AC:  7    Str: 12    XL:     4   Next: 57%
Magic:  4/4        EV: 18    Int: 10    God:
Gold:   80         SH:  0    Dex: 21    Spells: 3/3 levels left

rFire    . . .     SeeInvis .     - Unarmed
rCold    + . .     Gourm    .   (no shield)
rNeg     . . .     Faith    .   f - +2 leather armour {rC+}
rPois    .         Spirit   .   (no helmet)
rElec    .         Reflect  .   g - +0 cloak
rCorr    .         Harm     .   (no gloves)
MR       .....                  d - +0 pair of boots
Stlth    +++.......             (no amulet)
HPRegen  0.12/turn              (no ring)
MPRegen  0.09/turn              (no ring)

@: agile, flying, drained
A: no striking features
a: no special abilities


You were on level 2 of the Dungeon.
You were not hungry.

You visited 1 branch of the dungeon, and saw 2 of its levels.

You collected 80 gold pieces.

Inventory:

Hand Weapons
 l - a cursed +0 flail
 m - a cursed -2 hand axe
Armour
 a - a +0 robe
 d - a +0 pair of boots (worn)
 f - a +2 leather armour of cold resistance (worn)
 g - a +0 cloak (worn)
Scrolls
 i - a scroll of enchant weapon
 p - a scroll of enchant armour
Comestibles
 b - 4 rations
 c - a chunk of flesh


   Skills:
 - Level 3.6(2.7) Fighting
 + Level 3.6(2.7) Dodging
 - Level 2.0(1.2) Stealth
 * Level 4.0(3.2) Unarmed Combat


You had 3 spell levels left.
You didn't know any spells.
Your spell library was empty.

Dungeon Overview and Level Annotations

Branches:
Dungeon (2/15)

Altars:
Makhleb


Message History

The wight freezes you.
* * * LOW HITPOINT WARNING * * *
It was a potion of flight.
You feel very buoyant.
You fly up into the air.
You are too injured to fight recklessly!
You are too injured to fight recklessly!
You are too injured to fight recklessly!
You barely miss the wight. You hit the wight.
The wight is lightly damaged.
The wight misses you.
You hit the wight but do no damage.
The wight is lightly damaged.
The wight hits you with a mace of freezing.
* * * LOW HITPOINT WARNING * * *
You hit the wight.
The wight is lightly damaged.
The wight hits you with a mace of freezing!
You die...

### #.. #.# #.# #z#
#z# #z# ### #@#
##.#### ##.##
######.#....
#...####.......####
#.#..........###
#...####.###.#
##.## #.# #.# #.#
#.# #.# #.# #.# #.#
#.# ###.# #.#


You could see 3 wights.

Vanquished Creatures
  Jessica (D:2)
  An adder (D:2)
  An orc (D:2)
  3 bats (D:1)
  2 giant cockroaches
  4 goblins
  6 hobgoblins
  6 jackals (D:2)
  A ball python (D:1)
  A frilled lizard (D:1)
  6 kobolds
  4 rats
36 creatures vanquished.

Notes
Turn   | Place    | Note
-------+----------+-------------------------------------------
     0 | D:1      | Lepercus the Human Monk began the quest for the Orb.
     0 | D:1      | Reached XP level 1. HP: 18/18 MP: 1/1
   421 | D:1      | Reached XP level 2. HP: 24/24 MP: 2/2
  1020 | D:1      | Reached XP level 3. HP: 29/29 MP: 3/3
  1191 | D:2      | Found a burning altar of Makhleb.
  1550 | D:2      | Noticed Jessica
  1579 | D:2      | Killed Jessica
  1579 | D:2      | Reached skill level 4 in Unarmed Combat
  1579 | D:2      | Reached XP level 4. HP: 16/35 MP: 4/4
  1855 | D:2      | Slain by a wight

Vault maps used:
D:1:      dpeg_arrival_erosion
D:2:      lemuel_round_altar, uniq_jessica

Skill      XL: |  1  2  3 |
---------------+----------+-----
Unarmed Combat | 4 |  4.0
Fighting       | |  3.6
Dodging        | |  3.6
Stealth        | |  2.0

Action                   |  1- 3 |  4- 6 || total
-------------------------+-------+-------++-------
Melee: Unarmed           |   122 |    27 ||   149
       Punch             |     2 |       ||     2
  Use: Scroll            |     3 |     2 ||     5
       Potion            |     1 |     3 ||     4
 Stab: Sleeping          |     3 |       ||     3
  Eat: Chunk             |     2 |     1 ||     3
Armor: Robe              |    31 |     1 ||    32
       Leather armour    |       |     4 ||     4
Dodge: Dodged            |   110 |    18 ||   128

Table legend:
 A = Non-vault XP
 B = Vault XP
 C = Vault XP percentage of total XP
 D = Non-vault monster count
 E = Vault monster count
 F = Vault count percentage of total count
                 A         B        C        D         E       F
            +---------+---------+-------+---------+---------+-------
      Total |      72 |      37 |  33.9 |      35 |       1 |   2.8
            +---------+---------+-------+---------+---------+-------
        D:1 |      29 |       0 |   0.0 |      18 |       0 |   0.0
        D:2 |      43 |      37 |  46.2 |      17 |       1 |   5.6
            +---------+---------+-------+---------+---------+-------
